 Dungeon Crawl Stone Soup version 0.29.1-15-g9cfb28693d (webtiles) character file.

Game seed: 2864842170239477855

114 ThatPearl the Trooper (level 4, -1/39 HPs)
             Began as a Demonspawn Berserker on Mar 8, 2023.
             Was a Believer of Trog.
             Succumbed to an orc's poison
             ... on level 3 of the Dungeon.
             The game lasted 00:03:23 (2212 turns).

ThatPearl the Trooper (Demonspawn Berserker)        Turns: 2212, Time: 00:03:24

Health: -1/39      AC:  7    Str: 19    XL:     4   Next: 66%
Magic:  4/4        EV: 10    Int:  9    God:    Trog [**....]
Gold:   144        SH:  5    Dex: 12    Spells: 3/3 levels left

rFire   . . .      SeeInvis .   p - +2 hand axe (vorpal)
rCold   . . .      Faith    .   (no shield)
rNeg    . . .      Spirit   .   q - +0 scale mail
rPois   .          Reflect  +   (no helmet)
rElec   .          Harm     .   (no cloak)
rCorr   .          Rampage  .   (no gloves)
Will    .....                   (no boots)
Stlth   ..........              f - amulet of reflection
HPRegen 0.13/turn               (no ring)
MPRegen 0.18/turn               (no ring)

@: lethally poisoned (-1 -> -8)
A: rugged brown scales 1, magic regeneration
a: Renounce Religion, Berserk, Trog's Hand


You were on level 3 of the Dungeon.
You worshipped Trog.
Trog was pleased with you.
You visited 1 branch of the dungeon, and saw 3 of its levels.

You collected 144 gold pieces.

Inventory:

Hand Weapons
 p - a +2 vorpal hand axe (weapon)
Missiles
 a - 25 stones
 l - 11 poisoned darts (quivered)
Armour
 q - a +0 scale mail (worn)
Jewellery
 f - an amulet of reflection (around neck)
 k - an amulet of the acrobat
Scrolls
 b - a scroll of brand weapon {unknown}
 d - 2 scrolls of poison {unknown}
 e - 5 scrolls of identify {unknown}
 g - 5 scrolls of teleportation {unknown}
 j - 2 scrolls of magic mapping {unknown}
 o - a scroll of blinking {unknown}
 s - a scroll of immolation {unknown}
 t - a scroll of vulnerability {unknown}
 v - 2 scrolls of amnesia {unknown}
Potions
 c - 3 potions of heal wounds {unknown}
 h - a potion of ambrosia {unknown}
 i - a potion of mutation {unknown}
 m - a potion of degeneration {unknown}
 n - 2 potions of lignification {unknown}
 r - 2 potions of curing {unknown}
 u - a potion of attraction {unknown}
 w - a potion of haste {unknown}


   Skills:
 + Level 4.3 Fighting
 + Level 4.0 Axes
 - Level 1.7 Armour
 - Level 1.7 Dodging


You had 3 spell levels left.
You didn't know any spells.
Your spell library was empty.

Dungeon Overview and Level Annotations

Branches:
Dungeon (3/15)

Altars:


Innate Abilities, Weirdness & Mutations

You are partially covered in rugged brown scales. (AC +1, +3% HP)
You regenerate magic rapidly.


Message History

You hear a shout!
You hear a shout!
The orc priest calls down the wrath of Beogh upon you.
Beogh smites you!
The orc priest invokes the aid of Beogh against you.
Beogh smites you!
* * * LOW HITPOINT WARNING * * *
You slash the orc priest!
The orc priest is severely wounded.
The orc priest closely misses you.
You slash the orc priest!
You kill the orc priest!
Trog accepts your kill.
An orc comes into view. It is wielding a +0 falchion.
Your Axes skill increases to level 4! 2 orcs come into view.
An orc is wielding a +2 war axe of venom.
The orc shouts! x2
The orc barely misses you.
You see here a +0 dagger.
You slash the orc!
You kill the orc!
Trog accepts your kill.
You completely miss the orc. The orc hits you with a +0 club.
* * * LOW HITPOINT WARNING * * *
You barely miss the orc. The orc hits you with a +0 club.
* * * LOW HITPOINT WARNING * * *
You barely miss the orc. The orc barely misses you. x2
You hit the orc.
The orc is heavily wounded.
The orc hits you but does no damage.
You slash the orc!
You kill the orc!
Trog accepts your kill.
You hit the orc but do no damage.
The orc hits you with a +2 war axe of venom!
* * * LOW HITPOINT WARNING * * *
You are lethally poisoned!
You barely miss the orc.
You die...

#.# #.####.#.#.#...#.# #.#
#.# #..#...##.##... ##.# #.#
##.#.#.......#.#
.#.#########.####...##.###.#
...
.#.##.....[.....#.#..........
#. ........####.###..##.###.#
#.#
................#..........
.. .#.####.####.#####.###.#
#.# ##.## #.# #....@#.# ...
.. #.#.###.# ######o## ###
.###.##.# .# ## ##...# .#
.###.#..# .# #.#.##..# .#
##......# .# #.###.## ### #.
#.###.####..


You could see an orc.

Vanquished Creatures
  An orc priest (D:3)
  An adder (D:2)
  A worm (D:3)
  4 dart slugs
  6 orcs (D:3)
  6 bats
  3 endoplasms
  5 giant cockroaches
  3 goblins
  3 hobgoblins
  2 jackals (D:1)
  2 quokkas
  6 ball pythons
  7 kobolds
  5 rats
55 creatures vanquished.

Notes
Turn   | Place    | Note
-------+----------+-------------------------------------------
     0 | D:1      | ThatPearl the Demonspawn Berserker began the quest for the
                  | Orb.
     0 | D:1      | Reached XP level 1. HP: 18/18 MP: 1/1
   363 | D:1      | Gained mutation: You are partially covered in rugged brown
                  | scales. (AC +1, +3% HP) [demonic ancestry]
   363 | D:1      | Reached XP level 2. HP: 14/24 MP: 2/2
   686 | D:1      | Found a faded altar of an unknown god.
  1007 | D:2      | Reached XP level 3. HP: 29/29 MP: 3/3
  1056 | D:2      | Reached ** piety under Trog
  1944 | D:3      | Gained mutation: You regenerate magic rapidly. [demonic
                  | ancestry]
  1944 | D:3      | Reached XP level 4. HP: 37/38 MP: 4/4
  2211 | D:3      | HP: 1/39 [orc/+2 war axe of venom (8)]
  2212 | D:3      | Succumbed to an orc's poison

Illustrated notes

Levels and vault maps discovered:
D:1:      minmay_arrival_four_houses, layout_basic,
          nicolae_ecumenical_snake_handling
D:2:      layout_basic, grunt_decor_junction
D:3:      layout_loops_ring, serial_shops, nicolae_shop_statue_plus,
          nicolae_concentric_dashed_squares_mild, kennysheep_cross_room,
          minmay_misc_feat_columns

Skill      XL: |  1  2  3  4 |
---------------+-------------+-----
Axes           | 3 4 |  4.0
Fighting       | 4 |  4.3
Armour         | |  1.7
Dodging        | |  1.7

Action                   |  1- 3 |  4- 6 || total
-------------------------+-------+-------++-------
Melee: Hand axe          |   128 |    26 ||   154
Invok: Berserk           |     1 |       ||     1
 Stab: Distracted        |     1 |       ||     1
Armor: Animal skin       |    24 |       ||    24
       Leather armour    |    16 |       ||    16
       Scale mail        |     3 |     4 ||     7
Dodge: Dodged            |    75 |    10 ||    85
Block: Other             |    25 |     1 ||    26
